 Dungeon Crawl Stone Soup version 0.23-a0-270-gab6feb3 (webtiles) character file.

2711 KristoblXynda the Cleaver (level 9, -5/68 HPs)
             Began as a Minotaur Gladiator on Oct 1, 2018.
             Was a Follower of Ashenzari.
             Slain by Grum
             ... wielding a +0 halberd
              (13 damage)
             ... on level 8 of the Dungeon.
             The game lasted 00:10:16 (7585 turns).

KristoblXynda the Cleaver (Minotaur Gladiator)      Turns: 7585, Time: 00:10:18

Health: -5/68      AC: 15    Str: 20    XL:     9   Next: 39%
Magic:  10/10      EV: 11    Int:  8    God:    Ashenzari [*.....]
Gold:   498        SH:  0    Dex: 11    Spells: 11/11 levels left

rFire    . . .     SeeInvis .   a - +1 war axe
rCold    . . .     Gourm    .   (no shield)
rNeg     . . .     Faith    .   u - +4 chain mail
rPois    .         Spirit   .   c - +0 hat (curse)
rElec    .         Reflect  .   (no cloak)
rCorr    .         Harm     .   (no gloves)
MR       .....                  (no boots)
Stlth    ..........             (no amulet)
HPRegen  0.21/turn              n - ring of flight
MPRegen  0.12/turn              (no ring)

@: no status effects
A: retaliatory headbutt, horns 2
a: Curse Item, Scrying, Renounce Religion, Evoke Flight


You were on level 8 of the Dungeon.
You worshipped Ashenzari.
Ashenzari was aware of your devotion.
You were not hungry.

You visited 2 branches of the dungeon, and saw 9 of its levels.

You collected 498 gold pieces.

Inventory:

Hand Weapons
 a - a +1 war axe (weapon)
 s - a +0 morningstar
Missiles
 d - 4 throwing nets (quivered)
Armour
 c - a cursed +0 hat (worn)
 u - a +4 chain mail (worn)
Jewellery
 n - a ring of flight (left hand)
 w - an uncursed amulet of magic regeneration
 x - an uncursed ring of fire
Wands
 o - a wand of paralysis (13)
Scrolls
 e - a scroll of amnesia
 h - 3 scrolls of remove curse
 i - 2 scrolls of teleportation
 j - a scroll of immolation
 k - 3 scrolls of enchant weapon
 l - a scroll of acquirement {unknown}
 p - a scroll of fear {unknown}
 q - a scroll of summoning {unknown}
 v - a scroll of fog
Potions
 b - a potion of ambrosia
 g - 3 potions of mutation
 m - a potion of flight
 r - a potion of brilliance
Comestibles
 f - 23 rations
 t - 4 chunks of flesh


   Skills:
 - Level 2.4 Fighting
 + Level 9.4 Axes
 - Level 2.0 Throwing
 + Level 8.6 Armour
 + Level 8.7 Dodging
 + Level 1.6 Spellcasting


You had 11 spell levels left.
You didn't know any spells.
Your spell library contained the following spells:

 Spells                   Type           Power        Failure   Level  Hunger
 Flame Tongue             Conj/Fire      #....        96%         1    ##.....
 Throw Flame              Conj/Fire      #.....       99%         2    ###....
 Conjure Flame            Conj/Fire      #.......     100%        3    ####...
 Inner Flame              Hex/Fire       #.......     100%        3    ####...
 Sticky Flame             Conj/Fire      #.......     100%        4    #####..
 Fireball                 Conj/Fire      #.........   100%        5    ######.


Dungeon Overview and Level Annotations

Branches:
Dungeon (8/15)             Temple (1/1) D:4
   Lair: D:8-11

Altars:
Ashenzari
Cheibriados
Dithmenos
Elyvilon
Fedhas
Gozag
Kikubaaqudgha
Makhleb
Nemelex Xobeh
Okawaru
Qazlal
Ru
Sif Muna
Trog
Uskayaw
Vehumet
Wu Jian
Yredelemnul
Zin
The Shining One

Shops:
D:4 :

Annotations:
D:8 Grum


Innate Abilities, Weirdness & Mutations

You reflexively headbutt those who attack you in melee.
You have a pair of horns on your head.


Message History

The wolf bites you but does no damage. The wolf closely misses you.
The wolf bites you!
Your chain mail prevents you from hitting the wolf.
Your headbutt misses the wolf.
The wolf is moderately wounded.
You closely miss the wolf. You hit the wolf but do no damage.
The wolf bites you.
The wolf bites you but does no damage. x2
The wolf misses you. Grum hits you from afar with a halberd.
The wolf bites you but does no damage. The wolf closely misses you.
The wolf bites you but does no damage. The wolf bites you.
* * * LOW HITPOINT WARNING * * *
The wolf bites you!
* * * LOW HITPOINT WARNING * * *
Grum barely misses you. The wolf closely misses you. You furiously retaliate!
You headbutt the wolf, but do no damage.
The wolf bites you.
* * * LOW HITPOINT WARNING * * *
The wolf barely misses you. Grum hits you from afar with a halberd!
You die...

#........#
#........#
#........#######
#..$.....#.....#
#........#.....#
#........#.....#
#........#.....#
#......gh#....>#
+.....W.h@.....#
#......hh#.....#
#........#.....#
#........#.....#
#........#..<..##
#........#......#
#........#......#
#........#......#
#........#..#####


You could see Grum, a hungry ghost and 4 wolves.

Vanquished Creatures
  Sigmund (D:4)
  Eustachio (D:4)
  Menkaure (D:7)
  Edmund (D:6)
  Duvessa (D:7)
  An ice beast (D:5)
  A phantom (D:6)
  2 black bears (D:7)
  3 ogres
  2 centaurs (D:5)
  Blork the orc (D:4)
  Dowan (D:7)
  3 scorpions
  2 bullfrog zombies (D:6)
  2 crimson imps
  2 centaur zombies (D:6)
  A centaur skeleton (D:6)
  A hound (D:6)
  4 orc priests
  2 orc wizards
  Jessica (D:3)
  2 iguanas (D:6)
  Natasha (thrice) (D:4)
  6 worker ants
  A hound skeleton (D:5)
  A hound zombie (D:7)
  2 worker ant zombies (D:6)
  4 gnolls (D:6)
  A howler monkey skeleton (D:6)
  8 adders
  A shadow imp (D:7)
  3 oozes
  An adder skeleton (D:6)
  2 adder zombies (D:6)
  2 worms
  4 leopard geckos
  14 orcs
  2 giant cockroaches
  6 goblins
  9 hobgoblins
  9 jackals (D:3)
  2 kobolds
  A quokka (D:3)
  10 bats
  2 frilled lizards
  A leopard gecko skeleton (D:5)
  A leopard gecko zombie (D:6)
  A quokka skeleton (D:7)
  5 rats
138 creatures vanquished.

Vanquished Creatures (others)
  A frilled lizard (D:2)
1 creature vanquished.

Grand Total: 139 creatures vanquished

Notes
Turn   | Place    | Note
-------+----------+-------------------------------------------
     0 | D:1      | KristoblXynda the Minotaur Gladiator began the quest for
                  | the Orb.
     0 | D:1      | Reached XP level 1. HP: 18/18 MP: 0/0
   426 | D:1      | Reached skill level 1 in Armour
   430 | D:1      | Reached XP level 2. HP: 19/25 MP: 1/1
   607 | D:1      | Reached skill level 4 in Axes
  1024 | D:2      | Reached XP level 3. HP: 30/30 MP: 2/2
  1637 | D:2      | Reached XP level 4. HP: 12/37 MP: 3/3
  1891 | D:2      | Found a burning altar of Makhleb.
  1892 | D:2      | Found a white marble altar of Elyvilon.
  2430 | D:3      | Found a deep blue altar of Sif Muna.
  2580 | D:3      | Noticed Jessica
  2585 | D:3      | Killed Jessica
  2585 | D:3      | Reached skill level 5 in Axes
  2585 | D:3      | Reached XP level 5. HP: 38/42 MP: 4/4
  2943 | D:4      | Found a shattered altar of Ashenzari.
  2984 | D:4      | Noticed Sigmund
  2992 | D:4      | Killed Sigmund
  2992 | D:4      | Reached skill level 5 in Dodging
  2992 | D:4      | Reached XP level 6. HP: 45/50 MP: 5/5
  3012 | D:4      | Became a worshipper of Ashenzari the Shackled
  3045 | D:4      | Noticed Blork the orc
  3053 | D:4      | Killed Blork the orc
  3056 | D:4      | Reached skill level 6 in Axes
  3209 | D:4      | Found Dimur's Book Shop.
  3385 | D:4      | Noticed Eustachio
  3400 | D:4      | Noticed Natasha
  3402 | D:4      | Killed Natasha
  3402 | D:4      | Reached XP level 7. HP: 56/56 MP: 6/6
  3595 | D:4      | Noticed Natasha
  3603 | D:4      | Killed Natasha
  3618 | D:4      | Noticed Natasha
  3631 | D:4      | Killed Natasha
  3631 | D:4      | Reached skill level 5 in Armour
  3680 | D:4      | Killed Eustachio
  3792 | D:4      | Found a staircase to the Ecumenical Temple.
  3805 | Temple   | Entered the Ecumenical Temple
  3935 | D:5      | Entered Level 5 of the Dungeon
  3943 | D:5      | Reached skill level 7 in Axes
  4210 | D:5      | Reached XP level 8. HP: 34/62 MP: 7/7
  4592 | D:5      | Found a shadowy altar of Dithmenos.
  4626 | D:5      | Found a bloodstained altar of Trog.
  4972 | D:6      | Reached skill level 8 in Axes
  5508 | D:6      | Reached * piety under Ashenzari
  5774 | D:6      | Found a sacrificial altar of Ru.
  5916 | D:6      | Noticed Edmund
  5947 | D:6      | Killed Edmund
  6488 | D:7      | Noticed Menkaure
  6496 | D:7      | Killed Menkaure
  6496 | D:7      | Reached skill level 9 in Axes
  6496 | D:7      | Reached XP level 9. HP: 36/68 MP: 8/8
  6542 | D:6      | Reached skill level 1 in Spellcasting
  7274 | D:7      | Noticed Duvessa
  7274 | D:7      | Noticed Dowan
  7283 | D:7      | Killed Duvessa
  7306 | D:7      | Killed Dowan
  7573 | D:8      | Noticed Grum
  7585 | D:8      | Slain by Grum

Vault maps used:
D:1:      co_arrival_random_square_maze
D:2:      gammafunk_temple_overflow_pools
D:3:      old_standard_altar, serial_bayou, serial_bayou_pond_c,
          serial_bayou_lagoon_a, serial_bayou_ford_a, serial_bayou_crossing,
          uniq_jessica
D:4:      nicolae_ashenzari_panopticon, minmay_temple_entry_enclosed_plants,
          serial_shops, shop, hex_intersection, uniq_blork_the_orc,
          uniq_eustachio, uniq_natasha, uniq_sigmund
D:5:      nicolae_dithmenos_shadow_blocks, bloody_trog, first_ration
D:6:      serial_undead, serial_undead_b, serial_undead_e, serial_undead_f,
          serial_undead_a, basic_altar, uniq_edmund
D:7:      uniq_menkaure, uniq_duvessa
D:8:      lemuel_round_altar, serial_shops, nicolae_shop_trees, grunt_ogre_cave,
          uniq_grum, uniq_maurice
Temple:   nicolae_temple_great_sept

Skill      XL: |  1  2  3  4  5  6  7  8  9 |
---------------+----------------------------+-----
Armour         | 1 2 3 4 6 8 |  8.6
Axes           | 4 5 6 7 9 |  9.4
Dodging        | 4 5 6 8 |  8.7
Spellcasting   | 1 |  1.6
Fighting       | |  2.4
Throwing       | |  2.0

Action                   |  1- 3 |  4- 6 |  7- 9 || total
-------------------------+-------+-------+-------++-------
Melee: War axe           |    73 |    64 |   262 ||   399
       Headbutt          |     4 |     6 |    49 ||    59
Invok: Curse Item        |       |       |     1 ||     1
  Use: Scroll            |       |     7 |     4 ||    11
       Potion            |       |     1 |     2 ||     3
  Eat: Chunk             |     2 |     6 |     9 ||    17
       Ration            |       |       |     2 ||     2
Armor: Leather armour    |    18 |    11 |       ||    29
       Ring mail         |       |    23 |    59 ||    82
       Chain mail        |       |       |    89 ||    89
       Skin              |       |       |     4 ||     4
Dodge: Dodged            |    74 |    65 |   191 ||   330

Table legend:
 A = Non-vault XP
 B = Vault XP
 C = Vault XP percentage of total XP
 D = Non-vault monster count
 E = Vault monster count
 F = Vault count percentage of total count
                 A         B        C        D         E       F
            +---------+---------+-------+---------+---------+-------
      Total |    2314 |    1560 |  40.3 |     116 |      22 |  15.9
            +---------+---------+-------+---------+---------+-------
        D:1 |      26 |       0 |   0.0 |      14 |       0 |   0.0
        D:2 |      80 |       0 |   0.0 |      20 |       0 |   0.0
        D:3 |      95 |      37 |  28.0 |      30 |       1 |   3.2
        D:4 |     257 |     550 |  68.2 |       7 |       4 |  36.4
        D:5 |     674 |       0 |   0.0 |      16 |       0 |   0.0
        D:6 |     433 |     459 |  51.5 |      11 |      13 |  54.2
        D:7 |     749 |     398 |  34.7 |      18 |       3 |  14.3
        D:8 |       0 |     116 | 100.0 |       0 |       1 | 100.0
            +---------+---------+-------+---------+---------+-------
